 Dungeon Crawl Stone Soup version 0.21-a0-440-g28109cb (webtiles) character file.

359929 namelastname112 the Acrobat (level 21, 0/206 HPs)
             Began as a Felid Wanderer on Nov 11, 2017.
             Was the Champion of Dithmenos.
             Slain by a large slime creature (14 damage)
             ... on level 3 of the Pits of Slime.
             The game lasted 02:18:24 (53571 turns).

namelastname112 the Acrobat (Felid Wanderer)       Turns: 53571, Time: 02:18:24

Health: 0/206      AC: 26    Str: 17    XL:     21   Next: 46%
Magic:  37/43      EV: 35    Int: 18    God:    Dithmenos [******]
Gold:   5425       SH:  0    Dex: 15    Spells: 17/55 levels left
                                        Lives:  0   Deaths: 5

rFire    . . .     SeeInvis +     - Unarmed
rCold    + . .     Gourm    .   (shield unavailable)
rNeg     + + .     Faith    .   (armour unavailable)
rPois    ∞         Spirit   .   (helmet unavailable)
rElec    +         Reflect  .   (cloak unavailable)
rCorr    +         Harm     .   (gloves unavailable)
MR       +++..                  (boots unavailable)
Stlth    ..........             (no amulet)
HPRegen  1.44/turn              R - ring "Zoimpe" {+Fly rC+ rN+ Dex-2}
MPRegen  0.28/turn              h - ring of resist corrosion

@: berserking, statue-form, regenerating, wreathed by umbra, deflect missiles
A: no armour, no weapons or thrown items, stealth, claws 1, fangs 3, horns 1,
see invisible, carnivore 3, slow metabolism 1, sharp paws
}: 2/15 runes: barnacled, gossamer
a: End Transformation, Shadow Step, Shadow Form, Renounce Religion, Evoke Flight


You were on level 3 of the Pits of Slime.
You worshipped Dithmenos.
Dithmenos was exalted by your worship.
You were full.
You were a stone statue.
You visited 10 branches of the dungeon, and saw 50 of its levels.
You visited 2 bazaars.
You also visited: Sewer and Wizlab.

You collected 7021 gold pieces.
You spent 1596 gold pieces at shops.

Inventory:

Jewellery
 a - the ring "Ophoruh" {Ice Int+2}
   (You took it off a deep elf high priest on level 3 of the Elven Halls)

   [ring of ice]

   It enhances your ice magic.
   It affects your intelligence (+2).
   It makes you vulnerable to fire.
   It protects you from cold.
 h - a ring of resist corrosion (right paw)
 v - the ring of Morality {MR+ EV+4}
   (You found it on level 4 of the Shoals)

   [ring of evasion]

   It affects your evasion (+4).
   It affects your resistance to hostile enchantments.
 E - an uncursed ring of protection from cold
 O - an uncursed ring of wizardry
 R - the ring "Zoimpe" (left paw) {+Fly rC+ rN+ Dex-2}
   (You found it on level 1 of the Crypt)

   [ring of flight]

   It affects your dexterity (-2).
   It protects you from cold.
   It protects you from negative energy.
   It lets you fly.
Wands
 r - a wand of acid (5/15)
 u - a wand of acid (1/15)
 x - a wand of paralysis (15/24)
 y - a wand of acid (9/15)
 z - a wand of lightning (6/15)
 C - a wand of lightning (3/15)
 D - a wand of iceblast (6/15)
 J - a wand of iceblast (6/15)
 L - a wand of lightning (1/15)
 M - a wand of lightning (4/15)
 Q - a wand of iceblast (12/15)
 S - a wand of enslavement (10/24)
 T - a wand of acid (3/15)
 U - a wand of acid (1/15)
 X - a wand of acid (8/15)
 Y - a wand of iceblast (7/15)
 Z - a wand of acid (4/15)
Scrolls
 c - 3 scrolls of teleportation
 e - 5 scrolls of recharging
 i - 26 scrolls of identify
 l - 33 scrolls of remove curse
 o - 2 scrolls of holy word
 q - 13 scrolls of amnesia
 w - 4 scrolls of magic mapping
 B - 8 scrolls of fog
 H - a scroll of silence
 W - 2 scrolls of fear
Potions
 b - 6 potions of haste
 d - a potion of agility
 g - 10 potions of might
 j - 11 potions of curing
 k - 3 potions of resistance
 m - 6 potions of ambrosia
 p - 2 potions of magic
 t - 8 potions of flight
 F - 15 potions of brilliance
 G - a potion of berserk rage
 N - 4 potions of mutation
Comestibles
 f - 29 meat rations
 n - 23 royal jellies


   Skills:
 + Level 18.0 Fighting
 + Level 22.0 Dodging
 - Level 11.7 Stealth
 + Level 19.3 Unarmed Combat
 + Level 17.7 Spellcasting
 - Level 15.0 Hexes
 - Level 12.5 Charms
 * Level 17.1 Translocations
 - Level 12.2 Transmutations
   Level 1.0 Fire Magic
 - Level 9.9 Air Magic
 - Level 8.6 Earth Magic
   Level 1.7 Poison Magic
 * Level 7.8 Invocations
 - Level 2.1 Evocations


You had 17 spell levels left.
You knew the following spells:

 Your Spells              Type           Power        Failure   Level  Hunger
a - Statue Form           Tmut/Erth      ######...    8%          6    #####..
b - Deflect Missiles      Chrm/Air       ######....   5%          6    #####..
c - Passage of Golubria   Tloc           N/A          1%          4    None
d - Regeneration          Chrm/Necr      #####.....   1%          3    None
e - Apportation           Tloc           ######       0%          1    None
f - Invisibility          Hex            ######..     1%          6    #####..
g - Cause Fear            Hex            ######....   1%          4    None
h - Controlled Blink      Tloc           N/A          21%         8    #######


Dungeon Overview and Level Annotations

Branches:
Dungeon (15/15)            Temple (0/1) D:6            Lair (6/6) D:9
 Shoals (4/4) Lair:4       Spider (4/4) Lair:2        Slime (4/5) Lair:5
    Orc (2/2) D:12            Elf (3/3) Orc:2        Vaults (4/5) D:14
  Crypt (3/3) Vaults:2       Tomb (0/3) Crypt:3      Depths (5/5) D:15
    Zot (0/5) Depths:5

Altars:
Ashenzari
Cheibriados
Dithmenos
Gozag
Kikubaaqudgha
Makhleb
Nemelex Xobeh
Okawaru
Ru
Sif Muna
Trog
Uskayaw
Vehumet
Wu Jian
Xom
Yredelemnul
The Shining One
Beogh

Shops:
D:10 ?   D:12 :*   D:13 *   Orc:2 *([*:   Elf:1 (   Vaults:4 (

Portals:
Hell: Depths:1 Depths:2 Depths:3 Depths:4 Depths:5
Abyss: Depths:1 Depths:4 Depths:5
Pandemonium: Depths:1 Depths:3
Ziggurat: Depths:3

Annotations:
D:6 exclusion: statue
D:7 cedi's ghost, novice MiAK
Elf:2 3 runed doors


Innate Abilities, Weirdness & Mutations

You cannot wear armour.
You are incapable of wielding weapons or throwing items.
Your paws allow you to move quietly. (Stealth)
You have sharp claws.
You have razor-sharp teeth.
You have supernaturally acute eyesight. (SInv)
You are carnivorous and can eat meat at any time.
((You cover ground quickly.))
((Your thick and shaggy fur keeps you warm. (AC +3, rC+)))
You have a slow metabolism.
Your sharp claws are effective at attacking unaware monsters.
You have a pair of small horns on your head.
((You are partially covered in iridescent scales. (AC +2)))


Message History

Two slime creatures merge to form a large slime creature.
You take 22 damage, and have 12/137 hp.
Okay, then.
Evoke which item? (* to show all) (? for menu, Esc to quit)
Okay, then.
Unknown command.
Okay, then.
A red film seems to cover your vision as you go berserk!
You feel yourself moving faster!
You feel mighty! The acid blob spits acid at you. The splash of acid hits you!
You are splashed with acid!
The acid burns!
You resist.
* * * LOW HITPOINT WARNING * * *
The slime creature completely misses you. x3
The large slime creature barely misses you.
The slime creature completely misses you.
The acid blob completely misses you.
The slime creature completely misses you.
The large slime creature hits you!
You die...

...........##
.#....#....#.##
.............#
#.#§.......#
##§.......# ##
##..§§.....##
####.##...§§J§....#.
##.........§J8J§.....
............JJJ......
.............§§......
...........J....#....
............#...# ...
#..##.##.........# #.
## #.##.#...#.....#
#...............#
#...>.............


You could see an acid blob, 2 large slime creatures and 4 slime creatures.

Vanquished Creatures
  Mennas (Depths:4)
  Mara (Shoals:4)
  A juggernaut (Depths:5)
  Frederick (Depths:4)
  Saint Roka (Elf:2)
  4 golden dragons
  the Enchantress (D:15)
  Arachne (Spider:4)
  8 tentacled monstrosities
  5 liches
  A titan (Vaults:4)
  2 deep elf blademasters (Elf:3)
  2 deep elf master archers (Elf:3)
  2 quicksilver dragons
  2 acid blobs
  A sphinx (Depths:4)
  Polyphemus (Shoals:3)
  2 ancient champions
  A storm dragon (Depths:2)
  Kirke (Lair:4)
  Roxanne (D:15)
  2 shadow dragons
  4 fire giants
  4 tengu reavers
  Ilsuiw (Shoals:4)
  6 revenants
  10 deep elf sorcerers
  2 iron dragons (Depths:4)
  A draconian knight (Depths:5)
  10 vault wardens
  6 frost giants
  Louise (Shoals:3)
  3 ghost moths
  2 orc warlords
  4 draconian stormcallers (Depths:5)
  3 curse skulls
  A balrug (Depths:2)
  3 deep elf elementalists
  10 emperor scorpions
  The ghost of anything the Sharpshooter, an adept KoHu of Hepliaklqana (Spider:1)
  4 spriggan defenders
  2 reapers
  17 ironheart preservers
  2 war gargoyles
  3 entropy weavers
  10 very ugly things
  6 ghouls
  A green draconian (Depths:5)
  20 stone giants
  7 vampire knights
  2 black draconians (Depths:5)
  3 spectral titans (Crypt:3)
  7 deep elf annihilators
  9 purple draconians (WizLab)
  3 deep elf demonologists
  A red draconian (Depths:5)
  8 spark wasps
  10 deep elf death magi
  3 statues (WizLab)
  A blizzard demon (Depths:2)
  5 merfolk javelineers
  10 fire dragons
  6 ettins
  A death ooze (Slime:4)
  2 spectral quicksilver dragons (Crypt:3)
  10 jiangshi
  9 eidola
  6 great orbs of eyes
  15 yaktaur captains
  A quicksilver dragon skeleton (Crypt:1)
  3 merfolk impalers
  5 deep elf high priests
  4 spriggan air magi
  3 rakshasas
  16 ogre magi
  The ghost of EnegeticOcto the Carver, a journeyman DsGl of Cheibriados (D:11)
  2 vault guards
  Harold (Lair:4)
  A monstrous demonspawn (Depths:3)
  8 ice dragons
  3 merfolk avatars
  4 catoblepae
  2 spectral fire giants (Crypt:3)
  7 hydras
  40 two-headed ogres
  3 death knights
  5 merfolk aquamancers
  2 alligator snapping turtles
  A spectral frost giant (Crypt:3)
  12 dancing weapons
  12 deep troll earth magi
  A spectral stone giant (Crypt:3)
  9 centaur warriors
  9 death yaks
  9 deep troll shamans
  5 satyrs
  21 tengu warriors
  An alligator (Lair:4)
  Urug (Orc:1)
  10 spriggan berserkers
  10 vampire magi
  3 hell knights (Depths:4)
  4 orc high priests
  Nergalle (Orc:1)
  5 spectral storm dragons
  17 deep elf knights
  4 soul eaters
  33 skeletal warriors
  3 titan skeletons
  4 iron trolls
  2 spectral anacondas (Crypt:3)
  3 sun demons (Depths:2)
  6 shadow wraiths
  3 unseen horrors
  A storm dragon skeleton (Crypt:3)
  An unseen horror (shapeshifter) (D:15)
  A shadow demon (Depths:3)
  2 quicksilver dragon simulacra (Depths:2)
  15 sea snakes
  12 flayed ghosts
  2 spectral hydras (Crypt:3)
  An infernal demonspawn (Depths:3)
  An entropy weaver zombie (Crypt:1)
  16 phantasmal warriors
  2 swamp dragons (Lair:4)
  27 deep trolls
  A golden dragon skeleton (Crypt:3)
  6 wizards
  6 glowing orange brains
  A spectral iron dragon (Crypt:3)
  15 deep elf archers
  16 orc knights
  18 ironbrand convokers
  An anaconda skeleton (Crypt:3)
  Pikel (D:8)
  76 deep elf magi
  8 necromancers
  15 orb spiders
  An orb spider (shapeshifter) (Vaults:4)
  7 harpies
  A shining eye (Slime:2)
  20 manticores
  2 tengu skeletons
  7 orc sorcerers
  A spectral ettin (Crypt:3)
  A spectral fire dragon (Crypt:1)
  5 spectral ice dragons (Crypt:1)
  36 ugly things
  A frost giant zombie (Depths:1)
  21 wolf spiders
  6 fauns (Shoals:3)
  A salamander (shapeshifter) (Vaults:3)
  3 moths of wrath
  11 cyclopes
  A spectral alligator (Crypt:3)
  3 black mambas
  9 vault sentinels
  12 merfolk sirens
  An ice statue (Depths:2)
  A gargoyle (D:11)
  A fire giant skeleton (Crypt:3)
  A naga mage (D:15)
  11 water nymphs
  2 torpor snails
  9 rust devils
  A dire elephant skeleton (Crypt:1)
  5 spectral swamp worms (Depths:3)
  8 spiny frogs
  A smoke demon (Depths:3)
  3 efreet
  A stone giant skeleton (Crypt:3)
  A rime drake (Lair:2)
  A black draconian zombie (Crypt:2)
  3 komodo dragons
  An alligator snapping turtle skeleton (Crypt:3)
  An anaconda simulacrum (Lair:5)
  11 demonic crawlers
  5 kobold demonologists
  54 yaktaurs
  24 freezing wraiths
  A grey draconian skeleton (Crypt:1)
  4 ice devils
  7 tengu conjurers
  A tormentor (Depths:1)
  2 trolls (shapeshifter)
  6 trolls
  A hydra zombie (Crypt:3)
  A polar bear (shapeshifter) (Vaults:4)
  A yellow draconian skeleton (Crypt:3)
  5 red devils
  3 meliai (Spider:4)
  25 merfolk
  A merfolk (shapeshifter) (Vaults:3)
  40 jumping spiders
  A wind drake (shapeshifter) (Depths:1)
  3 polar bears
  A meliai (shapeshifter) (Vaults:1)
  7 wind drakes
  14 blink frogs
  6 hornets
  44 slime creatures
  An ettin zombie (Crypt:1)
  A blink frog (shapeshifter) (D:15)
  A deep troll zombie (Depths:1)
  A fire dragon zombie (Crypt:3)
  5 snapping turtles
  6 dream sheep
  A raiju (shapeshifter) (Depths:1)
  A fire giant simulacrum (Crypt:3)
  2 ice dragon zombies
  5 bog bodies
  A spectral black mamba (Crypt:3)
  2 iron dragon simulacra
  A stone giant simulacrum (Depths:1)
  9 hippogriffs
  A jumping spider zombie (Crypt:3)
  A hippogriff (shapeshifter) (Vaults:3)
  A spriggan skeleton (Depths:1)
  An ettin skeleton (Vaults:1)
  A spriggan (shapeshifter) (Vaults:2)
  15 flying skulls
  2 ynoxinuls
  68 redbacks
  55 yaks
  5 shadows
  A tarantella (shapeshifter) (Vaults:1)
  23 tarantellas
  A dire elephant simulacrum (Crypt:3)
  A vampire (D:14)
  6 spriggans
  A guardian serpent skeleton (Crypt:1)
  A black mamba skeleton (Crypt:1)
  15 water elementals
  7 fire elementals
  2 golden eyes (shapeshifter)
  A human (shapeshifter) (Vaults:2)
  5 wyverns
  15 wraiths
  A tyrant leech zombie (Crypt:2)
  A basilisk (D:15)
  A hog (Lair:4)
  2 hungry ghosts
  A neqoxec (Depths:1)
  3 steam dragons
  A faun zombie (Crypt:2)
  Grum (D:11)
  4 wargs
  A warg (shapeshifter) (Vaults:2)
  2 acid dragons
  2 swamp worms (Lair:4)
  A soldier ant (shapeshifter) (Vaults:2)
  2 tengu zombies (Depths:1)
  2 hell hounds (Depths:2)
  5 porcupines
  3 water moccasins
  2 floating eyes (Depths:5)
  2 swamp drakes
  3 black bears (shapeshifter)
  58 orc warriors
  3 necrophages
  A black mamba simulacrum (Lair:5)
  4 ice beasts
  9 phantoms
  7 boggarts (Vaults:3)
  4 sky beasts
  3 ettin simulacra (Depths:2)
  An eye of draining (Slime:2)
  11 wolves
  2 black bears
  52 ogres
  18 centaurs
  A dream sheep skeleton (Crypt:1)
  5 crocodiles
  A hog skeleton (Crypt:1)
  8 big kobolds
  An elf zombie (D:9)
  26 bullfrogs
  2 gnoll sergeants
  2 earth elementals (Elf:2)
  A spiny frog simulacrum (Lair:5)
  A water moccasin zombie (Crypt:2)
  A warg zombie (Crypt:2)
  8 scorpions
  3 troll zombies (D:12)
  A yak zombie (Crypt:1)
  A snapping turtle simulacrum (Crypt:3)
  5 killer bees (D:9)
  An electric eel (Spider:1)
  6 wights
  10 howler monkeys
  13 crimson imps
  2 bullfrog zombies (D:13)
  A komodo dragon simulacrum (Lair:5)
  A black bear zombie (Crypt:1)
  10 centaur zombies
  2 human simulacra
  27 orc priests
  9 hounds
  5 human zombies
  A quasit (D:14)
  3 bullfrog skeletons
  5 jellies
  A gnoll shaman (D:9)
  7 centaur skeletons
  3 human skeletons
  An iguana (shapeshifter) (Vaults:3)
  13 worker ants
  5 iguanas
  32 orc wizards
  5 ogre zombies (D:12)
  An ogre skeleton (D:9)
  A basilisk simulacrum (Lair:5)
  A hound zombie (D:7)
  A worker ant zombie (D:6)
  18 gnolls
  4 river rats (Sewer)
  A swamp drake zombie (Crypt:1)
  18 adders
  A crocodile simulacrum (Lair:5)
  A tengu simulacrum (Crypt:3)
  6 shadow imps
  2 oozes
  A lava snake skeleton (Crypt:1)
  3 adder skeletons
  An adder zombie (D:7)
  4 dart slugs
  3 worms
  7 leopard geckos
  121 orcs
  4 bats
  4 giant cockroaches
  9 goblins
  4 hobgoblins
  7 jackals
  6 quokkas
  6 ball pythons
  2 frilled lizards
  A giant cockroach zombie (D:6)
  A goblin skeleton (D:12)
  2 goblin zombies
  3 hobgoblin zombies (D:12)
  41 kobolds
  A leopard gecko skeleton (D:6)
  3 orc skeletons (D:12)
  17 orc zombies
  A quokka skeleton (D:5)
  27 rats
  A spectral kobold (Crypt:3)
  2 crawling corpses (Elf:3)
  A fungus (Lair:2)
  2 plants (Shoals:2)
2360 creatures vanquished.

Vanquished Creatures (others)
  A deep elf demonologist (Elf:3)
  A merfolk impaler (Shoals:4)
  An ogre mage (Depths:4)
  A merfolk aquamancer (Shoals:4)
  A deep troll earth mage (Depths:5)
  A deep elf knight (Elf:1)
  A fire crab (shapeshifter) (Depths:3)
  A deep troll (Depths:1)
  An orb spider (Spider:1)
  A manticore (Shoals:4)
  2 yaktaurs
  A jumping spider (Spider:1)
  A hornet (Vaults:3)
  A merfolk (Shoals:4)
  A blink frog (Lair:4)
  2 dream sheep (Shoals:2)
  A slime creature (Depths:1)
  A redback (Spider:1)
  A tarantella (Spider:4)
  A human (Lair:4)
  3 slaves (D:8)
  A warg (Orc:1)
  A boggart (Vaults:3)
  An ogre (Depths:1)
  A bullfrog (D:8)
  A scorpion (D:8)
  An orc priest (Orc:2)
  A worker ant (D:8)
  2 orcs
  A kobold (D:8)
  A bush (Lair:5)
  8 fungi
  22 plants
66 creatures vanquished.

Grand Total: 2426 creatures vanquished

Notes
Turn   | Place    | Note
-------+----------+-------------------------------------------
     0 | D:1      | namelastname112 the Felid Wanderer began the quest for the Orb.
     0 | D:1      | namelastname112 set off with: a scroll of blinking, a potion of haste, Kikubaaqudgha's Papyrus of Dark Rites, a potion of lignification, a meat ration
     0 | D:1      | Reached XP level 1. HP: 9/9 MP: 4/4
     0 | D:1      | Wingboner: ОРОРОРОРОРОРОРО
     0 | D:1      | Wingboner: ОРОРОРОРОРОРОРО
     0 | D:1      | Wingboner: ОРОРОРОРОРОРОРО
     0 | D:1      | Identified Kikubaaqudgha's Papyrus of Dark Rites
    52 | D:1      | Found an iron altar of Okawaru.
   264 | D:1      | Wingboner: !lg namelastname112 thismonth /ikiller=ijyb
   279 | D:1      | beem: 1/24 games for namelastname112 (thismonth): N=1/24 (4.17%)
   318 | D:1      | Wingboner: !lg namelastname112 thisyear /ikiller=ijyb
   323 | D:1      | beem: 3/441 games for namelastname112 (thisyear): N=3/441 (0.68%)
   346 | D:1      | Reached XP level 2. HP: 10/13 MP: 6/6
   422 | D:1      | Reached skill level 1 in Stealth
   492 | D:1      | Reached skill level 1 in Dodging
   893 | D:2      | Reached XP level 3. HP: 16/16 MP: 7/7
  1040 | D:2      | Found a sparkling altar of Nemelex Xobeh.
  1189 | D:2      | Found a hide-covered altar of Uskayaw.
  1641 | D:3      | Reached XP level 4. HP: 20/20 MP: 8/8
  1674 | D:3      | namelastname112: http://puu.sh/yjAqX/4588194de7.png
  1674 | D:3      | namelastname112: ебать он ниндзс
  1674 | D:3      | namelastname112: я
  1716 | D:3      | Reached skill level 2 in Dodging
  1759 | D:3      | Wingboner: Лол. Кто это?
  1912 | D:3      | namelastname112: кобольд
  1912 | D:3      | Wingboner: Не, чей скрин?
  1912 | D:3      | namelastname112: которого я сейчас отпиздить пытался
  1912 | D:3      | namelastname112: мой
  1915 | D:3      | Wingboner: А, твой? ЛОЛ.
  1950 | D:3      | Wingboner: В тред запости.
  1950 | D:3      | Wingboner: Годнота.
  1950 | D:3      | namelastname112: вон нахуй
  1950 | D:3      | Wingboner: Вижу.
  1950 | D:3      | Wingboner: Реально годнота.
  1953 | D:3      | namelastname112: запости ты
  1953 | D:3      | namelastname112: если хочешь
  1953 | D:3      | namelastname112: мне лень тред искать
  2010 | D:3      | Reached XP level 5. HP: 22/24 MP: 9/9
  2508 | D:3      | Found a glowing golden altar of the Shining One.
  2651 | D:3      | Gained mutation: You have a pair of small horns on your head. [potion of mutation]
  2651 | D:3      | Gained mutation: You are partially covered in iridescent scales. (AC +2) [potion of mutation]
  2944 | D:4      | Found a shimmering altar of Xom.
  2967 | D:4      | Reached skill level 3 in Dodging
  3022 | D:4      | Wingboner: https://2ch.hk/vg/res/24341112.html
  3024 | D:4      | Wingboner: Запостил.
  3024 | D:4      | Gained mutation: You are covered in thick fur. (AC +2) [Felid growth]
  3024 | D:4      | Reached XP level 6. HP: 3/28 MP: 10/10
  3560 | D:4      | Found a shadowy altar of Dithmenos.
  3566 | D:4      | Became a worshipper of Dithmenos the Shadowed
  3960 | D:4      | Found a shattered altar of Ashenzari.
  4120 | D:4      | Reached skill level 4 in Dodging
  4120 | D:4      | Reached XP level 7. HP: 21/31 MP: 11/11
  4521 | D:5      | Entered Level 5 of the Dungeon
  4551 | D:5      | Reached skill level 5 in Unarmed Combat
  4663 | D:5      | Found an ancient bone altar of Kikubaaqudgha.
  4727 | D:5      | Reached skill level 5 in Stealth
  4991 | D:5      | Reached * piety under Dithmenos
  5016 | D:5      | Reached skill level 5 in Dodging
  5116 | D:5      | Reached XP level 8. HP: 36/36 MP: 12/12
  5426 | D:6      | Found a bloodstained altar of Trog.
  5465 | D:6      | Reached skill level 5 in Fighting
  5499 | D:6      | Reached skill level 6 in Dodging
  5535 | D:6      | Found a glowing drain.
  5539 | Sewer    | Entered a sewer
  5616 | Sewer    | Reached ** piety under Dithmenos
  5907 | Sewer    | Reached *** piety under Dithmenos
  6196 | D:6      | Found a staircase to the Ecumenical Temple.
  6326 | D:6      | Found a radiant altar of Vehumet.
  6793 | D:7      | Noticed cedi's ghost (novice MiAK)
  6823 | D:7      | Reached XP level 9. HP: 40/40 MP: 13/13
  6880 | D:7      | Identified the Tome of Icy Stones
  6887 | D:7      | namelastname112: ek
  6887 | D:7      | namelastname112: kek*
  6948 | D:7      | Learned a level 6 spell: Statue Form
  7009 | D:7      | Reached skill level 7 in Dodging
  7287 | D:8      | Noticed Pikel
  7288 | D:8      | Killed Pikel
  7288 | D:8      | Reached skill level 1 in Transmutations
  7392 | D:8      | Reached **** piety under Dithmenos
  7555 | D:8      | Iwannabefree: https://www.youtube.com/watch?v=OZ1HS7ELPho
  7558 | D:8      | Noticed an orc sorcerer
  7561 | D:8      | namelastname112: нормально этому пидорасу на д8 сидится блять
  7561 | D:8      | Iwannabefree: гит гут
  7567 | D:8      | Killed an orc sorcerer
  7569 | D:8      | Noticed an orc sorcerer
  7576 | D:8      | Iwannabefree: я мантикор на д6 убивал
  7578 | D:8      | Iwannabefree: стаббером офк
  7578 | D:8      | namelastname112: там волт блять или че
  7578 | D:8      | namelastname112: хули их два
  7586 | D:9      | Iwannabefree: чтоб с двух сторон котику присунуть
  7760 | D:8      | Noticed an ice devil
  7773 | D:8      | Noticed an ice devil
  7779 | D:9      | Reached XP level 10. HP: 43/46 MP: 15/15
  7804 | D:8      | Paralysed by an orc sorcerer for 4 turns
  7804 | D:8      | Iwannabefree: фу статуя
  7820 | D:8      | Killed an orc sorcerer
  7820 | D:8      | Reached skill level 8 in Dodging
  7861 | D:8      | Noticed a wizard
  7901 | D:9      | namelastname112: еще и ВИЗОРД блять
  7901 | D:9      | namelastname112: сука
  7923 | D:8      | Killed a wizard
  8221 | D:8      | Noticed a two-headed ogre
  8224 | D:8      | Killed a two-headed ogre
  8661 | D:8      | Found a sacrificial altar of Ru.
  9099 | D:9      | Found a snail-covered altar of Cheibriados.
  9143 | D:9      | Reached ***** piety under Dithmenos
  9418 | D:9      | Reached skill level 9 in Dodging
  9430 | D:9      | Reached skill level 10 in Stealth
  9430 | D:9      | Reached skill level 10 in Unarmed Combat
  9486 | D:9      | Reached XP level 11. HP: 34/50 MP: 18/18
  9629 | D:9      | Found a staircase to the Lair.
 10275 | D:9      | Found a basalt altar of Yredelemnul.
 10363 | D:9      | Found an opulent altar of Gozag.
 10386 | D:10     | Entered Level 10 of the Dungeon
 10391 | D:10     | Reached skill level 5 in Transmutations
 10938 | D:10     | Found Lomi's Magic Scroll Shoppe.
 10944 | D:10     | Bought a scroll of blinking for 90 gold pieces
 10944 | D:10     | Bought a scroll of teleportation for 36 gold pieces
 11161 | D:11     | Reached skill level 5 in Spellcasting
 11230 | D:11     | Iwannabefree: намир
 11236 | D:11     | namelastname112: a
 11467 | D:11     | Reached ****** piety under Dithmenos
 11603 | D:11     | Noticed a white ugly thing
 11608 | D:11     | Iwannabefree: косить от армейки по дурке?
 11630 | D:11     | namelastname112: коси
 11630 | D:11     | namelastname112: нехуй там делать
 11642 | D:11     | Iwannabefree: какое совпадение
 11645 | D:11     | Killed a white ugly thing
 11647 | D:11     | Iwannabefree: друг пошел туда
 11659 | D:11     | Reached skill level 10 in Dodging
 11664 | D:11     | Iwannabefree: то же говорит
 11949 | D:11     | Noticed Grum
 11956 | D:11     | Killed Grum
 12002 | D:11     | namelastname112: потому что так и есть
 12002 | D:11     | namelastname112: ты либо заебываешься пиздец
 12002 | D:11     | namelastname112: либо тебе скучно
 12263 | D:11     | Gained mutation: Your thick and shaggy fur keeps you warm. (AC +3, rC+) [Felid growth]
 12263 | D:11     | Reached XP level 12. HP: 50/56 MP: 21/21
 12414 | D:11     | Noticed EnegeticOcto's ghost (journeyman DsGl)
 12999 | D:12     | Found Ubeaxyl's Book Emporium.
 13047 | D:12     | Found a staircase to the Orcish Mines.
 13236 | D:12     | Found Hoah's General Store.
 13704 | D:12     | Found a shadowy altar of Dithmenos.
 13705 | D:12     | Noticed a seven-headed hydra
 13733 | D:12     | Killed a seven-headed hydra
 14067 | D:13     | Noticed a seven-headed hydra
 14069 | D:13     | Killed a seven-headed hydra
 14069 | D:13     | Reached skill level 1 in Earth Magic
 14602 | D:13     | Found Raotod's Assorted Antiques.
 14713 | D:15     | Entered Level 15 of the Dungeon
 15070 | Lair:1   | Entered Level 1 of the Lair of Beasts
 15079 | Lair:1   | Learned a level 3 spell: Regeneration
 15195 | Lair:1   | Noticed a six-headed hydra
 15209 | Lair:1   | Killed a six-headed hydra
 16174 | Lair:2   | Found a hole to the Spider Nest.
 16238 | Lair:2   | Reached XP level 13. HP: 26/59 MP: 25/25
 16267 | Lair:2   | HP: 2/59 [poisoned by a spiny frog]
 16275 | Lair:2   | HP: 2/59 [poisoned by a spiny frog]
 17072 | Lair:2   | Learned a level 1 spell: Apportation
 18811 | Lair:4   | Noticed Harold
 18814 | Lair:4   | Reached skill level 5 in Earth Magic
 18821 | Lair:4   | Killed Harold
 19319 | Lair:4   | Found a staircase to the Shoals.
 19434 | Lair:4   | Noticed Kirke
 19450 | Lair:4   | Killed Kirke
 19572 | Lair:4   | Reached skill level 10 in Transmutations
 20165 | Lair:5   | Found a transporter.
 20171 | Lair:5   | Found a staircase to the Slime Pits.
 20459 | Lair:5   | Found a transporter.
 20951 | Lair:5   | Got a brightly glowing hat
 21049 | Lair:5   | Identified a scroll of acquirement
 21050 | Lair:5   | Got a glittering ruby amulet
 21051 | Lair:5   | Identified the amulet "Plog" {Harm *Drain Int+2 Dex+2} (You acquired it on level 5 of the Lair of Beasts)
 21069 | Lair:6   | Entered Level 6 of the Lair of Beasts
 21350 | Lair:6   | Reached XP level 14. HP: 63/63 MP: 28/28
 21368 | Lair:6   | p0werm0de: so silent here
 21611 | Lair:6   | Reached skill level 10 in Spellcasting
 21963 | Lair:1   | Identified the +0 hat "Nemutz" {rC+ Dex+5} (You found it on level 5 of the Lair of Beasts)
 22086 | D:11     | Killed EnegeticOcto's ghost
 22145 | Orc:1    | Entered Level 1 of the Orcish Mines
 22196 | Orc:1    | Noticed an orc warlord
 22213 | Orc:1    | Killed an orc warlord
 22224 | Orc:1    | Noticed Urug
 22233 | Orc:1    | Killed Urug
 22549 | Orc:2    | Entered Level 2 of the Orcish Mines
 22551 | Orc:2    | Found a staircase to the Elven Halls.
 22625 | Orc:2    | Found Coziwy's Commerce Corner.
 22959 | Orc:2    | Paralysed by an orc sorcerer for 3 turns
 22991 | Orc:2    | Found Nudwog's General Store.
 22991 | Orc:2    | Found Ypruxicerua's Book Shop.
 23021 | Orc:2    | Reached skill level 11 in Dodging
 23099 | Orc:2    | Found Ugyeruz's Antique Armour Boutique.
 23099 | Orc:2    | Found Cudamixza's Antique Weapon Boutique.
 23186 | Orc:2    | Noticed an orc warlord
 23203 | Orc:2    | Killed an orc warlord
 23878 | Orc:1    | Found a roughly hewn altar of Beogh.
 23878 | Orc:1    | Noticed Nergalle
 23893 | Orc:1    | Killed Nergalle
 24438 | D:14     | Reached XP level 15. HP: 68/68 MP: 24/30
 24510 | D:14     | Found a gate to the Vaults.
 25281 | D:15     | Reached skill level 12 in Dodging
 25358 | D:15     | Noticed Roxanne
 25382 | D:15     | Killed Roxanne
 25619 | D:15     | Reached skill level 10 in Fighting
 26149 | D:15     | Found a staircase to the Depths.
 26161 | D:15     | Paralysed by an ogre mage for 5 turns
 26865 | Orc:2    | Bought a manual of Charms for 1324 gold pieces
 26912 | Elf:1    | Entered Level 1 of the Elven Halls
 26918 | Elf:1    | Reached skill level 1 in Charms
 26973 | Elf:1    | Reached skill level 13 in Dodging
 27171 | Elf:1    | Reached skill level 5 in Charms
 27327 | Elf:1    | Reached XP level 16. HP: 75/75 MP: 32/32
 27407 | Elf:1    | Found Melocoet's Weapon Emporium.
 27801 | Elf:1    | HP: 2/97 [battleaxe of distortion (20)]
 28419 | Elf:2    | Found a runed gate.
 28421 | Elf:2    | Found a runed gate.
 28424 | Elf:2    | Found a runed gate.
 28450 | Elf:2    | Reached skill level 14 in Dodging
 28750 | Elf:2    | Noticed Saint Roka
 28763 | Elf:2    | Killed Saint Roka
 28981 | Elf:3    | Entered Level 3 of the Elven Halls
 29023 | Elf:3    | Found a magical portal.
 29035 | WizLab   | Entered Iskenderun's Mystic Tower
 29039 | WizLab   | namelastname112: бля
 29039 | WizLab   | namelastname112: опасно нахуй
 29113 | WizLab   | Reached skill level 10 in Charms
 29307 | WizLab   | Blown up by a conjurer statue
 29308 | WizLab   | Reached XP level 15. HP: -8/72 MP: 23/32
 29401 | WizLab   | Reached XP level 16. HP: 76/76 MP: 27/33
 29402 | WizLab   | Identified Iskenderun's Reference Book on Arcane Weapons
 29402 | WizLab   | Identified Iskenderun's Grimoire of Conjuration
 29413 | WizLab   | Identified Ucefafeo's Collected Works on the Snowflakes
 29616 | Elf:3    | Noticed a deep elf master archer
 29618 | Elf:3    | Noticed a deep elf blademaster
 29989 | Spider:1 | Entered Level 1 of the Spider Nest
 30012 | Spider:1 | Noticed anything's ghost (adept KoHu)
 30028 | Spider:1 | Killed anything's ghost
 30073 | Spider:1 | Reached skill level 15 in Dodging
 30173 | Spider:1 | HP: 1/76 [disintegration (29)]
 30310 | Shoals:1 | Entered Level 1 of the Shoals
 31866 | Shoals:3 | Noticed Polyphemus
 31885 | Shoals:3 | Killed Polyphemus
 32059 | Shoals:3 | Reached XP level 17. HP: 58/81 MP: 30/35
 32119 | Shoals:3 | Noticed Louise
 32152 | Shoals:3 | Wingboner: Кот каменный, но отгребает от души.
 32225 | Shoals:3 | namelastname112: но и пизды раздаеь
 32225 | Shoals:3 | namelastname112: т
 32298 | Shoals:3 | Killed Louise
 32649 | Shoals:4 | Entered Level 4 of the Shoals
 32720 | Shoals:4 | Reached skill level 16 in Dodging
 32724 | Shoals:4 | Reached skill level 15 in Unarmed Combat
 32857 | Shoals:4 | Noticed Ilsuiw
 32875 | Shoals:4 | Wingboner: Ну да, урон котам с новой статуей увеличило очень серьёзно.
 32877 | Shoals:4 | Wingboner: А я спать....
 32883 | Shoals:4 | HP: 1/105 [merfolk aquamancer/ball of steam (31)]
 32956 | Shoals:4 | Noticed Mara
 32970 | Shoals:3 | namelastname112: ну спокойных
 33029 | Shoals:4 | Noticed namelastname112's illusion
 33056 | Shoals:4 | Killed Mara
 33141 | Shoals:4 | Got a barnacled rune of Zot
 33282 | Shoals:4 | Killed Ilsuiw
 33474 | Shoals:4 | Got a warped silver ring
 33475 | Shoals:4 | Identified the ring of Morality {MR+ EV+4} (You found it on level 4 of the Shoals)
 33800 | Lair:1   | Learned a level 6 spell: Invisibility
 33978 | Vaults:1 | Entered Level 1 of the Vaults
 33980 | Vaults:1 | Reached skill level 1 in Hexes
 34239 | Vaults:1 | Reached skill level 5 in Translocations
 34360 | Vaults:1 | Found a gateway to a bazaar.
 34366 | Bazaar   | Entered a bazaar
 34381 | Bazaar   | Found Midgh's Magic Scroll Shoppe.
 34385 | Bazaar   | Bought a scroll of teleportation for 21 gold pieces
 34385 | Bazaar   | Bought a scroll of teleportation for 21 gold pieces
 34396 | Bazaar   | Found Ymouqy's Distillery.
 34396 | Bazaar   | Found Xotziev's Book Emporium.
 34417 | Bazaar   | Found Ysaileak's Gadget Shoppe.
 34417 | Bazaar   | Found Faidwa's Antique Weapon Emporium.
 34470 | Bazaar   | Bought a potion of heal wounds for 65 gold pieces
 34470 | Bazaar   | Bought a potion of curing for 39 gold pieces
 34748 | Vaults:1 | Reached skill level 5 in Hexes
 34903 | Vaults:1 | Reached XP level 18. HP: 87/87 MP: 35/37
 35409 | Vaults:2 | Found a flickering gateway to a bazaar.
 35415 | Bazaar   | Entered a bazaar
 35421 | Bazaar   | Found Wiqef's Jewellery Shop.
 35421 | Bazaar   | Found Wazayso's Book Boutique.
 35437 | Bazaar   | Learned a level 4 spell: Passage of Golubria
 35437 | Bazaar   | theanonym: Котик
 35438 | Bazaar   | namelastname112: обормотик
 35466 | Vaults:2 | Found a roughly hewn altar of Beogh.
 35559 | Vaults:2 | Reached skill level 17 in Dodging
 36187 | Vaults:2 | Found a staircase to the Crypt.
 36609 | Vaults:2 | Reached skill level 10 in Hexes
 36859 | Vaults:3 | Reached XP level 19. HP: 89/91 MP: 31/38
 38062 | Vaults:4 | Identified the Disquisition on Sinister Magic
 38180 | Vaults:4 | Reached skill level 10 in Translocations
 38375 | Vaults:4 | Reached skill level 18 in Dodging
 38645 | Vaults:4 | Mangled by a stone giant
 38646 | Vaults:4 | Reached XP level 18. HP: -10/114 MP: 37/37
 38821 | Vaults:4 | Reached XP level 19. HP: 92/92 MP: 30/38
 38823 | Vaults:4 | Reached skill level 15 in Spellcasting
 39127 | Vaults:4 | Found Janoch's Weapon Shop.
 39684 | Elf:3    | Reached skill level 15 in Fighting
 39808 | Elf:3    | Got a wavering tin ring
 39901 | Elf:3    | Found the +3 sling "Punk" {acid, rCorr}
 39906 | Elf:3    | Got a heavily runed emerald amulet
 39925 | Elf:3    | Learned a level 6 spell: Deflect Missiles
 39926 | Elf:3    | Identified Sif Muna's Almanac of Flames and Evil
 39947 | Elf:3    | Identified the Disquisition on the Ashen Birds
 39988 | Elf:3    | Identified the ring "Ophoruh" {Ice Int+2} (You took it off a deep elf high priest on level 3 of the Elven Halls)
 39989 | Elf:3    | Identified the amulet of the Eight Nights {Inacc rF- rN+ Dex+7 SInv} (You found it on level 3 of the Elven Halls)
 40181 | Elf:3    | Reached skill level 15 in Hexes
 40187 | Elf:3    | Noticed a Tzitzimitl
 40453 | Elf:3    | Found a deep blue altar of Sif Muna.
 40923 | Spider:1 | Reached skill level 1 in Air Magic
 41255 | Spider:1 | Identified the Handbook of Moulding and Companions
 42186 | Spider:3 | Reached XP level 20. HP: 97/97 MP: 40/40
 42356 | Spider:4 | Entered Level 4 of the Spider Nest
 42537 | Spider:4 | Noticed Arachne
 42541 | Spider:4 | Killed Arachne
 42721 | Spider:4 | Reached skill level 19 in Dodging
 42964 | Spider:4 | Reached skill level 5 in Air Magic
 43023 | Spider:4 | Got a gossamer rune of Zot
 43547 | Depths:1 | Entered Level 1 of the Depths
 43548 | Depths:1 | Found a gateway to Hell.
 43575 | Depths:1 | Noticed the Enchantress
 43829 | D:15     | Killed the Enchantress
 44067 | Depths:1 | Found a one-way gate leading to the halls of Pandemonium.
 44288 | Depths:1 | Found a one-way gate to the infinite horrors of the Abyss.
 44479 | Depths:1 | Found the +10 dark maul {crush}
 44797 | Depths:2 | Found an ornate altar of the Wu Jian Council.
 44882 | Depths:2 | Reached XP level 21. HP: 102/102 MP: 37/41
 44951 | Depths:2 | Found a sacrificial altar of Ru.
 45200 | Depths:2 | Found a burning altar of Makhleb.
 45319 | Depths:2 | theanonym: У тебя же есть абилка доместоса
 45319 | Depths:2 | namelastname112: степ?
 45319 | Depths:2 | namelastname112: он так не работает
 45319 | Depths:2 | theanonym: Послдняя
 45319 | Depths:2 | namelastname112: только к спящим/парализованым
 45319 | Depths:2 | namelastname112: а
 45319 | Depths:2 | namelastname112: я инвоки не качал еще
 45319 | Depths:2 | namelastname112: да и не поможет тут
 45321 | Depths:2 | Mangled by a spriggan berserker
 45322 | Depths:2 | Reached XP level 20. HP: -12/191 MP: 25/41
 45434 | Depths:2 | Noticed a golden dragon
 45450 | Depths:2 | Killed a golden dragon
 45582 | Depths:2 | Identified Rihiogis's Tome of the Rocks and Poison
 45587 | Depths:2 | Identified the Reference Book on the Harmful Glacier
 45934 | Depths:2 | Learned a level 4 spell: Cause Fear
 45951 | Depths:2 | Found a radiant altar of Vehumet.
 46239 | Depths:3 | Reached skill level 20 in Dodging
 46261 | Depths:3 | Noticed a golden dragon
 46269 | Depths:3 | Killed a golden dragon
 46312 | Depths:3 | HP: 2/128 [ice dragon/blast of cold[a shadow demon] (41)]
 46480 | Depths:3 | Reached XP level 21. HP: 103/103 MP: 42/42
 46584 | Depths:3 | You fall through a shaft for 2 floors!
 46584 | Depths:5 | Entered Level 5 of the Depths
 46626 | Depths:5 | Reached skill level 15 in Translocations
 46639 | Depths:5 | HP: 4/133 [fire giant/fireball (17)]
 46740 | Depths:4 | Iwannabefree: vse tabaesh
 46742 | Depths:4 | Noticed Mennas
 46765 | Depths:4 | Noticed a golden dragon
 46783 | Depths:4 | Killed a golden dragon
 46916 | Depths:4 | namelastname112: а хули делать
 47000 | Depths:3 | Found a gateway to a ziggurat.
 47763 | Crypt:1  | Entered Level 1 of the Crypt
 48140 | Crypt:1  | Iwannabefree: о, ты еще жив
 48676 | Crypt:1  | Got a smoking silver ring
 48686 | Crypt:1  | Identified the ring "Zoimpe" {+Fly rC+ rN+ Dex-2} (You found it on level 1 of the Crypt)
 49392 | Crypt:3  | Entered Level 3 of the Crypt
 49545 | Crypt:3  | Reached XP level 22. HP: 86/108 MP: 41/43
 49696 | Crypt:3  | Reached skill level 21 in Dodging
 50062 | Crypt:3  | Identified the Incunabulum of Assistive Darkness
 50251 | Crypt:3  | Found a staircase to the Tomb.
 50465 | Crypt:3  | Reached skill level 1 in Invocations
 51119 | Depths:4 | Killed Mennas
 51297 | Depths:4 | Noticed Frederick
 51316 | Depths:4 | Killed Frederick
 51488 | Depths:4 | Reached skill level 5 in Invocations
 51767 | Depths:4 | Noticed a golden dragon
 51775 | Depths:4 | Killed a golden dragon
 52013 | Depths:5 | Reached XP level 23. HP: 114/114 MP: 38/45
 52183 | Depths:5 | Noticed a juggernaut
 52193 | Depths:5 | Killed a juggernaut
 52194 | Depths:5 | HP: 7/148 [fire giant/great sword of flaming (15)]
 52194 | Depths:5 | Slain by a fire giant
 52195 | Depths:5 | Reached XP level 22. HP: -1/141 MP: 35/44
 52238 | Depths:5 | HP: 1/141 [fire giant/fireball (26)]
 52239 | Depths:5 | Killed from afar by a deep troll earth mage
 52240 | Depths:5 | Reached XP level 21. HP: -35/136 MP: 41/43
 52656 | Depths:5 | Found a gate to the Realm of Zot.
 52811 | Depths:5 | Found a glowing golden altar of the Shining One.
 53287 | Lair:1   | Learned a level 8 spell: Controlled Blink
 53481 | Slime:1  | Entered Level 1 of the Pits of Slime
 53540 | Slime:4  | Reached skill level 22 in Dodging
 53571 | Slime:3  | Slain by a large slime creature

Vault maps used:
D:1:      shiori_shiawase, okawaru_ov_weapons_minmay
D:2:      lemuel_doored_altar, eat_drink_and_be_merry_uskayaw, serial_forest,
          infiniplex_forest_straight_4, infiniplex_forest_pool,
          infiniplex_forest_join, infiniplex_forest_lined_2,
          infiniplex_forest_lined_2, infiniplex_forest_lined_room_2,
          infiniplex_forest_end_3, infiniplex_forest_zigzag_1, hex_medium
D:3:      lemuel_round_altar, serial_bayou_lagoon_a
D:4:      cheibrodos_quashed, lemuel_crystal_altar,
          nicolae_ashenzari_panopticon, grunt_dithmenos_shadows, first_bread,
          minmay_misc_feat_x, minmay_distorted
D:5:      kiku_gazebo_pond_becter
D:6:      kennysheep_mini, vehumet_statue, minmay_temple_entry_purple_smoke,
          gup_sewer_entry_bowl
D:7:      kennysheep_generic_room_13
D:8:      cheibrodos_wizards_tower, nicolae_ru_path_of_blood, minivault_5,
          uniq_pikel
D:9:      lemuel_mausoleum_altar_yredelemnul, marbit_many_paths,
          overflow_temple_1_default, erik_lair_dragon
D:10:     serial_shops, shop
D:11:     uniq_grum
D:12:     zombieorc2_lemuel, basic_altar, serial_shops, kennysheep_little_box,
          shop_coins
D:13:     serial_shops, nicolae_shop_crystal
D:14:     david_vaults_2, infiniplex_staircase_door_maze, hangedman_ranch
D:15:     grunt_enter_depths_magical_seal, minivault_27, uniq_roxanne
Lair:1:   grunt_megastairs_1
Lair:2:   spider_nest_entry_webs
Lair:4:   onia_ninara_swampy_vault, minmay_shoals_entry_centaurs,
          serial_bayou_shore_a, uniq_harold, uniq_kirke
Lair:5:   gammafunk_cloud_chamber, minmay_slime_entry_pillars,
          forest_entry_grove
Lair:6:   evilmike_catoblepas_cave
Shoals:2: nicolae_shoals_seven_spires, st_cyclops
Shoals:3: uniq_louise, uniq_polyphemus
Shoals:4: shoals_end_simple, shoals_ilsuiw_alternative, uniq_mara
Spider:2: guppyfry_spider_mini_3
Spider:4: grunt_spider_rune_circles, hangedman_spider_mandibles, uniq_arachne
Slime:2:  basic_altar
Orc:1:    basic_altar, uniq_nergalle, uniq_urug
Orc:2:    st_orc_congregation, nicolae_alphabet_shops, mines2_lemuel
Elf:1:    eino_elf_arrival_sip, serial_shops, nicolae_shop_waterfront,
          hangedman_elven_crosses_minicolossus
Elf:2:    uniq_saint_roka, uniq_aizul
Elf:3:    grunt_elf_hall_spiral, infiniplex_enter_wizlab_glasses,
          hangedman_elven_ridges, lemuel_blue_sif_altar
Vaults:1: vaults_mumra_lcd, ontoclasm_vaults_shuriken, vaults_room_pools,
          ontoclasm_vaults_misaligned, v_misc_5,
          nicolae_vaults_little_squares_2, v_alt_pattern_1, v_misc_8,
          hangedman_vaults_stitches, v_alt_pattern_3,
          nicolae_vaults_mini_display_case, nicolae_vaults_little_ls,
          nicolae_vaults_asterisk, serial_shops, bzr_entry_road
Vaults:2: special_room_vaults, minmay_crypt_entry_simple_round,
          vaults_room_pool, v_misc_24, grunt_vaults_funnel, vaults_mumra_hex,
          ontoclasm_vaults_ring_small, ontoclasm_vaults_misaligned,
          serial_shops, bzr_entry_safe
Vaults:3: nicolae_vaults_diagonal_hallway_8, hangedman_vaults_restitches,
          ontoclasm_vaults_spin, nicolae_vaults_twisting_passages,
          dpeg_vaults_monster_row, vaults_mumra_chevron_long,
          nicolae_vaults_hallways_thing, v_misc_10, vaults_mumra_chevron,
          nicolae_vaults_diagonal_hallway_8, hangedman_vaults_variations,
          nicolae_vaults_murderbox, vaults_room_pools
Vaults:4: st_hourglassy, nicolae_vaults_shelves_hall, v_misc_18,
          nicolae_vaults_three_branches, hangedman_vaults_river_flow,
          hangedman_vaults_hat, dpeg_vaults_monster_box, vaults_room_fours,
          ontoclasm_vaults_pinch, ontoclasm_vaults_bender, vaults_room_pools,
          vaults_dpeg_cross
Crypt:1:  weyrava_ghost_lake
Crypt:2:  grunt_ministairs_3, minmay_misc_feat_five
Crypt:3:  due_elkab, tomb_entry_forgotten_bobbens
Depths:1: hell_entry, rand_demon_pan_entry_8, abyss_entry,
          nicolae_lava_and_water, minmay_checkered_concentric_circles,
          uniq_enchantress
Depths:2: grunt_profane_halls, hell_entry
Depths:3: minmay_glassy_protrusions, enter_ziggurat_e, serial_co_window_serial,
          co_window_corner_a, co_window_cross_1, co_window_of_opportunity_a,
          co_window_paths_a, co_window_paths_a, co_window_corner_cb,
          co_window_corner_b, co_window_corner_cb, co_window_of_opportunity_b,
          co_window_cross_4, glass_columns_a, glass_columns_a,
          rand_demon_pan_entry_3, pf_hell_entry_tar_river,
          grunt_decor_one_mirror
Depths:4: minmay_blocking_statues, grunt_hell_entry_dis_old,
          columned_hall_lemuel, abyss_entry_small_statue_room,
          infiniplex_staircase_spiral, uniq_frederick, uniq_mennas
Depths:5: evilmike_zot_entry_argh, pf_hell_entry_great_geh, tso_altar,
          marbit_kobold_abyss_entry
Bazaar:   bazaar_short_row, bazaar_mystics
Sewer:    sewer_minmay_treatment
WizLab:   wizlab_iskenderun

Skill      XL: |  1  2  3  4  5  6  7  8  9 10 11 12 13 14 15 16 17 18 19 20 21 22 23 |
---------------+----------------------------------------------------------------------+-----
Stealth        | 1 2 3 4 5 7 8 10 11 | 11.7
Dodging        | 1 2 3 4 5 6 7 9 10 11 13 15 16 17 18 20 22 21 | 22.0
Unarmed Combat | 2 3 4 5 7 8 10 11 12 13 14 15 16 17 18 19 | 19.3
Fighting       | 3 4 5 6 7 8 9 11 12 13 14 15 18 | 18.0
Transmutations | 2 4 6 8 10 12 | 12.2
Spellcasting   | 3 4 5 7 9 10 11 13 14 15 16 17 | 17.7
Earth Magic    | 4 7 8 |  8.6
Charms         | 5 12 | 12.5
Translocations | 5 8 12 13 17 | 17.1
Hexes          | 5 10 15 | 15.0
Air Magic      | 3 9 7 |  9.9
Invocations    | 7 5 6 |  7.8
Fire Magic     | |  1.0
Poison Magic   | |  1.7
Evocations     | |  2.1

Action                   |  1- 3 |  4- 6 |  7- 9 | 10-12 | 13-15 | 16-18 | 19-21 | 22-24 || total
-------------------------+-------+-------+-------+-------+-------+-------+-------+-------++-------
Melee: Unarmed           |   118 |   210 |   424 |   947 |  1109 |  1630 |  2381 |   501 ||  7320
       Bite              |     9 |    13 |    31 |    88 |   120 |   131 |   229 |    68 ||   689
       Punch             |       |     3 |     7 |    52 |    47 |    88 |   169 |    41 ||   407
       Headbutt          |       |    18 |    72 |   186 |   187 |   253 |   385 |    97 ||  1198
 Cast: Statue Form       |       |       |       |       |    53 |   116 |   119 |    30 ||   318
       Regeneration      |       |       |       |       |     3 |    58 |   120 |    27 ||   208
       Invisibility      |       |       |       |       |       |       |    14 |     2 ||    16
       Passage of Golubr |       |       |       |       |       |       |     4 |       ||     4
       Deflect Missiles  |       |       |       |       |       |       |     3 |     1 ||     4
Invok: Shadow Step       |       |       |       |     1 |     1 |     3 |     4 |       ||     9
Evoke: Wand              |       |     1 |     1 |     5 |     5 |    10 |     8 |       ||    30
  Use: Scroll            |       |    11 |     6 |     5 |    13 |    17 |    20 |     4 ||    76
       Potion            |       |     4 |       |     4 |     8 |     8 |    17 |     3 ||    44
 Stab: Sleeping          |    11 |     4 |    38 |    64 |    51 |    71 |    73 |     4 ||   316
       Distracted        |       |     1 |     1 |     1 |     4 |     3 |     6 |     3 ||    19
       Invisible         |       |       |       |       |     7 |    10 |    40 |     1 ||    58
       Paralysed         |       |       |       |       |       |       |     2 |       ||     2
       Confused          |       |       |       |       |       |       |     1 |       ||     1
  Eat: Chunk             |     6 |     8 |     7 |    20 |    46 |    71 |    78 |     9 ||   245
       Meat ration       |       |       |       |       |     1 |       |     1 |     1 ||     3
       Royal jelly       |       |       |       |       |       |       |       |     2 ||     2
Armor: Skin              |    21 |    31 |    38 |    75 |   323 |   520 |   728 |   157 ||  1893
Dodge: Dodged            |    68 |   158 |   385 |   804 |  1708 |  3162 |  6278 |  1245 || 13808
       Deflected         |       |       |       |       |       |       |    19 |    14 ||    33

Table legend:
 A = Spawn XP
 B = Non-spawn XP
 C = Spawn XP percentage of total XP
 D = Spawn monster count
 E = Non-spawn monster count
 F = Spawn count percentage of total count
 G = Total turns spent on level
                    A         B        C        D         E        F      G
               +---------+---------+-------+---------+---------+-------+---------
         Total |       0 | 1175039 |   0.0 |       0 |    2365 |   0.0 | 53571
               +---------+---------+-------+---------+---------+-------+---------
           D:1 |       0 |      21 |   0.0 |       0 |      12 |   0.0 |   764
           D:2 |       0 |      55 |   0.0 |       0 |      18 |   0.0 |   647
           D:3 |       0 |     153 |   0.0 |       0 |      29 |   0.0 |  1635
           D:4 |       0 |     663 |   0.0 |       0 |      28 |   0.0 |  1475
           D:5 |       0 |     910 |   0.0 |       0 |      22 |   0.0 |   843
           D:6 |       0 |     634 |   0.0 |       0 |      29 |   0.0 |   783
           D:7 |       0 |     888 |   0.0 |       0 |      17 |   0.0 |   785
           D:8 |       0 |    4861 |   0.0 |       0 |      40 |   0.0 |  1104
           D:9 |       0 |    4549 |   0.0 |       0 |      60 |   0.0 |  2563
          D:10 |       0 |    2055 |   0.0 |       0 |      36 |   0.0 |   922
          D:11 |       0 |    9127 |   0.0 |       0 |      51 |   0.0 |  2011
          D:12 |       0 |    5915 |   0.0 |       0 |      67 |   0.0 |  1432
          D:13 |       0 |    3622 |   0.0 |       0 |      17 |   0.0 |   687
          D:14 |       0 |   14662 |   0.0 |       0 |      46 |   0.0 |  1340
          D:15 |       0 |   33708 |   0.0 |       0 |      57 |   0.0 |  1879
        Lair:1 |       0 |    3412 |   0.0 |       0 |      14 |   0.0 |  1159
        Lair:2 |       0 |    4688 |   0.0 |       0 |      18 |   0.0 |  2149
        Lair:3 |       0 |    3041 |   0.0 |       0 |      13 |   0.0 |  1118
        Lair:4 |       0 |   11700 |   0.0 |       0 |      29 |   0.0 |  1283
        Lair:5 |       0 |    4348 |   0.0 |       0 |      30 |   0.0 |  1007
        Lair:6 |       0 |   13787 |   0.0 |       0 |      28 |   0.0 |   777
      Shoals:1 |       0 |    9025 |   0.0 |       0 |      23 |   0.0 |   592
      Shoals:2 |       0 |   18550 |   0.0 |       0 |      37 |   0.0 |   866
      Shoals:3 |       0 |   27621 |   0.0 |       0 |      44 |   0.0 |  1106
      Shoals:4 |       0 |   37697 |   0.0 |       0 |      53 |   0.0 |   872
      Spider:1 |       0 |   21879 |   0.0 |       0 |      54 |   0.0 |   834
      Spider:2 |       0 |   11449 |   0.0 |       0 |      30 |   0.0 |   454
      Spider:3 |       0 |   14291 |   0.0 |       0 |      40 |   0.0 |   427
      Spider:4 |       0 |   39825 |   0.0 |       0 |      80 |   0.0 |   861
       Slime:2 |       0 |    4108 |   0.0 |       0 |       4 |   0.0 |    18
       Slime:3 |       0 |    2953 |   0.0 |       0 |       2 |   0.0 |    29
       Slime:4 |       0 |    4357 |   0.0 |       0 |      11 |   0.0 |    37
         Orc:1 |       0 |    5416 |   0.0 |       0 |      38 |   0.0 |   595
         Orc:2 |       0 |   13019 |   0.0 |       0 |      92 |   0.0 |  1488
         Elf:1 |       0 |   36781 |   0.0 |       0 |      63 |   0.0 |  1328
         Elf:2 |       0 |   26028 |   0.0 |       0 |      47 |   0.0 |  1080
         Elf:3 |       0 |   45146 |   0.0 |       0 |      36 |   0.0 |  1233
      Vaults:1 |       0 |   36821 |   0.0 |       0 |      73 |   0.0 |  1323
      Vaults:2 |       0 |   67573 |   0.0 |       0 |     127 |   0.0 |  1501
      Vaults:3 |       0 |   64086 |   0.0 |       0 |      96 |   0.0 |  1401
      Vaults:4 |       0 |   62479 |   0.0 |       0 |      81 |   0.0 |  1122
       Crypt:1 |       0 |   51643 |   0.0 |       0 |      84 |   0.0 |   989
       Crypt:2 |       0 |   17085 |   0.0 |       0 |      27 |   0.0 |   694
       Crypt:3 |       0 |   78249 |   0.0 |       0 |     107 |   0.0 |  1353
      Depths:1 |       0 |   47134 |   0.0 |       0 |      83 |   0.0 |   967
      Depths:2 |       0 |   88762 |   0.0 |       0 |     120 |   0.0 |  1481
      Depths:3 |       0 |   47651 |   0.0 |       0 |      55 |   0.0 |  1122
      Depths:4 |       0 |   88059 |   0.0 |       0 |      61 |   0.0 |  1242
      Depths:5 |       0 |   60070 |   0.0 |       0 |      57 |   0.0 |  1071
         Sewer |       0 |     135 |   0.0 |       0 |      48 |   0.0 |   501
        WizLab |       0 |   24348 |   0.0 |       0 |      31 |   0.0 |   450
               +---------+---------+-------+---------+---------+-------+---------
